 Dungeon Crawl Stone Soup version 0.19-a0-944-gb338e1e (console) character file.

169 yesno the Sneak (level 5, -3/35 HPs)
             Began as a Vampire Summoner on July 9, 2016.
             Slain by an orc wizard
             ... wielding a +0 dagger
              (5 damage)
             ... on level 4 of the Dungeon.
             The game lasted 00:26:35 (4866 turns).

yesno the Sneak (Vampire Summoner)                  Turns: 4866, Time: 00:26:36

Health: -3/35      AC:  4    Str:  7    XL:     5   Next: 25%
Magic:  0/8        EV: 13    Int: 18    God:
Gold:   161        SH:  0    Dex: 15    Spells: 3 memorised, 2 levels left

rFire  . . .     SeeInvis +     f - +0 dagger
rCold  + . .     Gourm    .     a - +0 robe
rNeg   + + .     Faith    +     (no shield)
rPois  +         Spirit   .     (no helmet)
rElec  .         Dismiss  .     (no cloak)
rCorr  .         Reflect  .     n - +1 pair of gloves
SustAt .         Harm     .     (no boots)
MR     .....                    m - amulet of faith
Stlth  +++.......               (no ring)
                                (no ring)

@: about to teleport, regenerating slowly, not resistant to hostile
enchantments, fairly stealthy
A: fangs 3, see invisible, unbreathing
a: Bat Form


You were on level 4 of the Dungeon.
You were very thirsty.

You visited 1 branch of the dungeon, and saw 4 of its levels.

You collected 161 gold pieces.

Inventory:

Hand Weapons
 d - a -3 club
 f - a +0 dagger (weapon)
Missiles
 e - 48 stones (quivered)
Armour
 a - a +0 robe (worn)
 n - a +1 pair of gloves (worn)
Jewellery
 m - an amulet of faith (around neck)
 s - a +4 amulet of reflection {unknown}
Scrolls
 k - a scroll of magic mapping
 q - a scroll of identify
Potions
 c - 3 potions of blood
 g - a potion of magic {unknown}
 h - a potion of brilliance
 i - a potion of curing {unknown}
 j - a potion of might
 o - a potion of mutation {unknown}
 p - a potion of haste {unknown}
 r - a potion of degeneration {unknown}
Books
 b - a book of Callings

   Spells                             Type                      Level
   a - Summon Small Mammal            Summoning                    1
   b - Call Imp                       Summoning                    2
   c - Call Canine Familiar           Summoning                    3
   d - Summon Guardian Golem          Hexes/Summoning              3
   e - Summon Lightning Spire         Summoning/Air                4
   f - Summon Ice Beast               Ice/Summoning                4


   Skills:
 + Level 3.2 Dodging
 + Level 5.4 Stealth
 - Level 2.0 Spellcasting
 * Level 5.4 Summonings


You had 2 spell levels left.
You knew the following spells:

 Your Spells              Type           Power        Failure   Level  Hunger
a - Summon Small Mammal   Summ           ###.         1%          1    #......
b - Call Imp              Summ           ###.....     3%          2    ###....
c - Call Canine Familiar  Summ           ###.....     10%         3    ###....


Dungeon Overview and Level Annotations

Branches:
Dungeon (4/15)
 Temple: D:4-7

Altars:
Okawaru

Annotations:
D:2 1 runed door, Ijyb


Innate Abilities, Weirdness & Mutations

You heal slowly.
You have razor-sharp teeth.
You have supernaturally acute eyesight. (SInv)
You can survive without breathing.


Message History

Your hound's corpse disappears in a puff of smoke!
Your white imp closely misses the orc warrior.
Casting: Call Imp
Confirm with . or Enter, or press ? or * to list all spells.
A beastly little devil appears in a puff of flame.
Your crimson imp says, "I give in to your servitude, my grandiloquent and greatest gentlevampire!"
The orc hits something with a club.
Your white imp gestures at the orc warrior.
The puff of frost hits the orc warrior.
The orc warrior resists.
Your crimson imp blinks!
Okay, then.
You aren't carrying any items that you can evoke.
As you read the scroll of fog, it crumbles to dust.
The scroll dissolves into smoke.
As you read the scroll of teleportation, it crumbles to dust.
You feel strangely unstable.
Casting: Call Imp
Confirm with . or Enter, or press ? or * to list all spells.
The orc wizard hits you with a dagger.
You die...

#...#.#####(#...
####
#...#........#
.5.#
#.....#.#....###
##5#
#.......)..?....
.#.#
#.......o(......
##.#
#...§...oo...#..
...#
#.....#.........
####
#..#.§########..
# #...5.§5o@§r.#
. #
##.#..######.#
#########.#..#
...##.....#..#
...##.....#..#
...##.....#..#
#########.#..#
.............#
...######.#.##


You could see an orc wizard (invisible), a friendly crimson imp and a friendly
quokka.

Vanquished Creatures
  2 adders (D:3)
  A dart slug (D:2)
  A giant gecko (D:3)
  An orc (D:3)
  A giant cockroach (D:3)
  2 goblins
  2 hobgoblins
  2 jackals (D:3)
  A kobold (D:1)
  2 bats (D:2)
  3 rats
18 creatures vanquished.

Vanquished Creatures (collateral kills)
  A scorpion (D:4)
  An orc wizard (D:3)
  A worker ant (D:4)
  6 adders
  An ooze (D:3)
  4 worms
  4 dart slugs
  4 giant geckos
  5 orcs
  A bat (D:2)
  A giant cockroach (D:4)
  5 goblins
  4 hobgoblins
  4 jackals (D:3)
  5 kobolds
  3 giant newts (D:1)
  5 rats
55 creatures vanquished.

Grand Total: 73 creatures vanquished

Notes
Turn   | Place    | Note
-------+----------+-------------------------------------------
     0 | D:1      | yesno the Vampire Summoner began the quest for the Orb.
     0 | D:1      | Reached XP level 1. HP: 13/13 MP: 3/3
   461 | D:1      | Reached XP level 2. HP: 19/19 MP: 0/5
  1314 | D:2      | Found a runed door.
  1694 | D:2      | Reached XP level 3. HP: 10/24 MP: 2/6
  2250 | D:2      | Noticed Ijyb
  2371 | D:3      | Found an iron altar of Okawaru.
  2393 | D:3      | Learned a level 2 spell: Call Imp
  2397 | D:3      | Learned a level 3 spell: Call Canine Familiar
  2620 | D:3      | Reached XP level 4. HP: 18/30 MP: 0/7
  3007 | D:3      | Reached skill level 5 in Stealth
  3007 | D:3      | Reached skill level 5 in Summonings
  4737 | D:4      | Reached XP level 5. HP: 35/35 MP: 5/8
  4835 | D:4      | Noticed an orc warrior
  4866 | D:4      | Slain by an orc wizard

Vault maps used:
D:1:      dpeg_arrival_short_road, nrook_loot_triangle, serial_bayou_ford_a
D:2:      first_bread, minmay_unequal, uniq_iyjb, uniq_crazy_yiuf_cottage
D:3:      okawaru_metal_pillars_3
D:4:      mumra_celtic_spiral_tile

Skill      XL: |  1  2  3  4 |
---------------+-------------+-----
Stealth        | 4 5 |  5.4
Summonings     | 5 |  5.4
Dodging        | 3 |  3.2
Spellcasting   | |  2.0

Action                   |  1- 3 |  4- 6 || total
-------------------------+-------+-------++-------
Melee: Club              |   136 |    91 ||   227
       Bite              |    13 |     8 ||    21
       Dagger            |       |    12 ||    12
Throw: Stone             |     1 |     5 ||     6
 Cast: Summon Small Mamm |    55 |     5 ||    60
       Call Imp          |     9 |    28 ||    37
       Call Canine Famil |       |     1 ||     1
  Use: Scroll            |     9 |     6 ||    15
       Potion            |     3 |     3 ||     6
 Stab: Distracted        |     1 |       ||     1
       Sleeping          |     8 |     2 ||    10
Armor: Robe              |    41 |    24 ||    65
Dodge: Dodged            |   124 |    84 ||   208
